 Dungeon Crawl Stone Soup version 0.31-a0-848-gaac375c287 (webtiles) character file.

Game seed: 14698440121376162533

86 MachoJfn the Chiller (level 4, -6/30 HPs)
             Began as a Demonspawn Ice Elementalist on Oct 4, 2023.
             Was a Follower of Kikubaaqudgha.
             Mangled by an ice beast (11 damage)
             ... on level 4 of the Dungeon.
             The game lasted 00:12:49 (3439 turns).

MachoJfn the Chiller (Demonspawn Ice Elementalist)  Turns: 3439, Time: 00:12:50

Health: -6/30      AC:  1    Str: 10    XL:     4   Next: 26%
Magic:  17/17      EV: 12    Int: 19    God:    Kikubaaqudgha [*.....]
Gold:   129        SH:  0    Dex: 19    Spells: 4/8 levels left

rFire   . . .        b - +2 quarterstaff (flame)
rCold   . . .        (shield currently unavailable)
rNeg    . . .        j - +0 leather armour
rPois   .            (no helmet)
rElec   .            (no cloak)
rCorr   .            (no gloves)
SInv    .            (no boots)
Will    .....        (no amulet)
Stlth   ++           k - ring of magical power
HPRegen 0.25/turn    l - ring of Tender Moments {+Blink Str+2 Dex+6}
MPRegen 0.15/turn

%: no passive effects
@: no status effects
A: hooves 1, demonic guardian 1, spiny 1, deformed body
a: Renounce Religion, Evoke Blink, Unearth Wretches


You were on level 4 of the Dungeon.
You worshipped Kikubaaqudgha.
Kikubaaqudgha was aware of your devotion.
You visited 1 branch of the dungeon, and saw 4 of its levels.

You collected 129 gold pieces.

Inventory:

Hand Weapons
 b - a +2 quarterstaff of flaming (weapon)
 g - a +2 dagger of draining
Missiles
 d - 30 stones
 f - 5 darts of dispersal
Armour
 j - a +0 leather armour (worn)
Jewellery
 k - a ring of magical power (left hand)
 l - the ring of Tender Moments (right hand) {+Blink Str+2 Dex+6}
   (You found it on level 2 of the Dungeon)

   [ring of dexterity]

   Str+2:     It affects your strength (+2).
   Dex+6:     It affects your dexterity (+6).
   +Blink:    It lets you blink.
Scrolls
 e - 3 scrolls of identify (quivered)
 i - a scroll of teleportation
 m - a scroll of immolation {unknown}
 o - 3 scrolls of silence {unknown}
Potions
 a - 2 potions of resistance
 c - 2 potions of haste
 h - a potion of attraction
 n - a potion of ambrosia {unknown}


   Skills:
 + Level 0.3 Staves
 + Level 1.0 Armour
 + Level 2.0 Dodging
 + Level 2.0 Stealth
 + Level 2.9 Spellcasting
 + Level 4.2 Ice Magic


You had 4 spell levels left.
You knew the following spells:

 Your Spells              Type           Power      Damage    Failure   Level
a - Freeze                Ice            76%        1d8       3%          1
b - Frozen Ramparts       Ice            38%        1d6       11%         3

Your spell library contained the following spells:

 Spells                   Type           Power      Damage    Failure   Level
 Ozocubu's Armour         Ice            19%        N/A       11%         3
 Necrotise                Necr           8%         1d4       22%         1
 Shock                    Conj/Air       8%         1d3       22%         1
 Cigotuvi's Dreadful Rot  Necr/Pois/Air  4%         N/A       32%         2
 Sublimation of Blood     Necr           2%         N/A       32%         2
 Vampiric Draining        Necr           2%         2d6       54%         3
 Summon Ice Beast         Ice/Summ       10%        N/A       65%         4


Dungeon Overview and Level Annotations

Branches:
Dungeon (4/15)
 Temple: D:4-7

Altars:
Cheibriados
Kikubaaqudgha
Nemelex Xobeh
Qazlal
Sif Muna
Uskayaw
Wu Jian
Xom


Innate Abilities, Weirdness & Mutations

You have large cloven feet.
A weak demonic guardian rushes to your aid.
You are partially covered in sharp spines.
Armour fits poorly on your strangely shaped body.


Message History

Found a club.
Found a beast talisman.
Found 13 gold pieces and a fuming ruby potion.
Found a stone staircase leading down.
An ice beast comes into view.
Found 18 gold pieces.
You see here 3 scrolls labelled POHOAL IXEIL.
o - 3 scrolls labelled POHOAL IXEIL
Casting: Frozen Ramparts (quite dangerous; 11% risk of failure)
Confirm with . or Enter, or press ? or * to list all spells.
Casting: Frozen Ramparts (quite dangerous; 11% risk of failure)
Press: ? - help, Dir - look around, f - activate
Okay, then.
Casting: Frozen Ramparts (quite dangerous; 11% risk of failure)
Confirm with . or Enter, or press ? or * to list all spells.
Okay, then.
An ice beast is nearby!
This spell is quite dangerous to cast!
You start memorising the spell.
You continue memorising. x3
The ice beast hits you.
Your memorisation is interrupted.
The ice beast freezes you!
You hit the ice beast.
You melt the ice beast.
You kick the ice beast, but do no damage.
The ice beast is lightly wounded.
The ice beast is struck by your spines. The ice beast hits you.
The ice beast freezes you.
* * * LOW HITPOINT WARNING * * *
You hit the ice beast but do no damage.
You kick the ice beast, but do no damage.
The ice beast is lightly wounded.
The ice beast barely misses you.
The ice beast hits you but does no damage.
You completely miss the ice beast.
You kick the ice beast, but do no damage.
The ice beast is lightly wounded.
The ice beast hits you.
* * * LOW HITPOINT WARNING * * *
A demonic guardian appears!
The ice beast freezes you!
You die...
Kikubaaqudgha rasps: "You have failed me!
Welcome... death!"

#.....!...>###..#....
#.%...........#......
#.....)....##........
#..........#####.....
#.......$# ##....
##......########....
##.................
#Y##########......
######@######..........
#...5..#......#####....
#.........##### ##...
#............# #.##
#.....######.# .#
#..... # ## #.....
#..... #.....


You could see an ice beast (ally target) and a friendly quasit (summoned,
wandering).

Vanquished Creatures
  2 adders (D:3)
  A worm (D:3)
  7 bats
  4 endoplasms
  5 giant cockroaches
  6 goblins
  7 hobgoblins
  3 jackals (D:2)
  5 kobolds
  6 quokkas
  4 ball pythons
  3 frilled lizards
  A rat (D:2)
54 creatures vanquished.

Notes
Turn   | Place    | Note
-------+----------+-------------------------------------------
     0 | D:1      | MachoJfn the Demonspawn Ice Elementalist began the quest
                  | for the Orb.
     0 | D:1      | Reached XP level 1. HP: 13/13 MP: 3/3
   450 | D:1      | Reached skill level 4 in Ice Magic
   450 | D:1      | Gained mutation: You have large cloven feet. [demonic
                  | ancestry]
   450 | D:1      | Reached XP level 2. HP: 19/19 MP: 3/5
  1392 | D:2      | Identified the ring of Tender Moments {+Blink Str+2 Dex+6}
  1643 | D:2      | Gained mutation: You are partially covered in sharp spines.
                  | [demonic ancestry]
  1643 | D:2      | Reached XP level 3. HP: 24/24 MP: 6/6
  1739 | D:2      | Learned a level 3 spell: Frozen Ramparts
  2451 | D:3      | Found a faded altar of an unknown god.
  2460 | D:3      | Got a weird book
  2463 | D:3      | Prayed at the altar of an unknown god.
  2463 | D:3      | Became a worshipper of Kikubaaqudgha
  2463 | D:3      | Reached * piety under Kikubaaqudgha
  2463 | D:3      | Received a gift from Kikubaaqudgha
  2510 | D:3      | Reached skill level 1 in Armour
  2532 | D:3      | Found a shimmering altar of Xom.
  2569 | D:3      | Gained mutation: A weak demonic guardian rushes to your
                  | aid. [demonic ancestry]
  2569 | D:3      | Reached XP level 4. HP: 28/30 MP: 8/8
  2815 | D:3      | Found a hide-covered altar of Uskayaw.
  2815 | D:3      | Found an ornate altar of the Wu Jian Council.
  2887 | D:3      | Found a shimmering blue altar of Sif Muna.
  2888 | D:3      | Found a sparkling altar of Nemelex Xobeh.
  2890 | D:3      | Found a stormy altar of Qazlal.
  2890 | D:3      | Found a snail-covered altar of Cheibriados.
  3036 | D:3      | Gained mutation: Armour fits poorly on your strangely
                  | shaped body. [potion of mutation]
  3425 | D:4      | Noticed an ice beast
  3439 | D:4      | Mangled by an ice beast

Illustrated notes

Levels and vault maps discovered:
D:1:      tarquinn_simple_flora_water_f, layout_loops_corners
D:2:      minmay_evil_eye, layout_loops_corners
D:3:      layout_loops_ring, xom_teletrap_fun, gammafunk_temple_overflow_statue,
          mainiacjoe_overflow_alcove_3, shapermc_ecumenical_altar_rom_forum
D:4:      layout_rooms

Skill      XL: |  1  2  3 |
---------------+----------+-----
Ice Magic      | 4 |  4.2
Armour         | 1 |  1.0
Dodging        | 2 |  2.0
Stealth        | 2 |  2.0
Staves         | |  0.3
Spellcasting   | |  2.9

Action                     |  1- 3 |  4- 6 || total
---------------------------+-------+-------++-------
  Melee: Short sword       |     3 |       ||     3
         Kick              |     1 |    22 ||    23
         Quarterstaff      |     9 |    32 ||    41
   Cast: Freeze            |    56 |     9 ||    65
         Frozen Ramparts   |     1 |     1 ||     2
Ability: Evoke Blink       |     1 |       ||     1
    Use: Potion            |     6 |     2 ||     8
         Scroll            |     5 |     2 ||     7
   Stab: Sleeping          |     2 |     1 ||     3
 Armour: Robe              |     5 |       ||     5
         Leather armour    |    19 |     6 ||    25
  Dodge: Dodged            |    33 |     4 ||    37

Table legend: (Time is in decaauts)
 A = Elapsed time spent in this place.
 B = Non-inter-level travel time spent in this place.
 C = Inter-level travel time spent in this place.
 D = Time resting spent in this place.
 E = Time spent auto-exploring this place.
 F = Levels seen in this place.
 G = Mean time per level.
                   A        B        C        D        E       F      G
               +--------+--------+--------+--------+--------+-----+--------+
         Total |   3458 |   3076 |    382 |    111 |   2491 |   4 |  864.5 |
       Dungeon |   3458 |   3076 |    382 |    111 |   2491 |   4 |  864.5 |
               +--------+--------+--------+--------+--------+-----+--------+

Top non-repeatable levels by time:
     D:1: 1208 daAuts
     D:2: 1206 daAuts
     D:3: 935 daAuts
     D:4: 108 daAuts
